3MSL
MSL D.C. DIVIDED @ MSL BUCKHEAD BOWTIES
06/10/2054
 
TOP OF THE 1ST
MSL D.C. Divided batting - Pitching for MSL Buckhead Bowties : RHP Ipe de Weever
Pitching: RHP Ipe de Weever
Batting: RHB José Zamora 0-0: Ball
1-0: SINGLE (Groundball, 34D, EV 98.8 MPH)
Batting: LHB Calvin Shanahan 0-0: Ball
José Zamora steals 2nd, throwing error, E2
José Zamora to third
1-0: Swinging Strike
1-1: Ball
2-1: Foul Ball, location: 2F
2-2: Ball
3-2: Base on Balls
Batting: LHB Biff Poggi 0-0: Ball
1-0: Called Strike
Calvin Shanahan is caught stealing 2nd base 2-6
1-1: Ball
2-1: Foul Ball, location: 2F
2-2: Fly out, F8 (Flyball, 8LD, EV 103.8 MPH)
Runner from 3rd tags up, SCORES, throw by CF
Batting: LHB Dan Meyer 0-0: Called Strike
0-1: Ball
1-1: Swinging Strike
1-2: Ball
2-2: Foul Ball, location: 2F
2-2: Ground out 4-3 (Groundball, 4, EV 99.4 MPH)
Top of the 1st over - 1 run, 1 hit, 1 error, 0 left on base; MSL D.C. 1 - MSL Buckhead 0
BOTTOM OF THE 1ST
MSL Buckhead Bowties batting - Pitching for MSL D.C. Divided : LHP Jorge Raute
Pitching: LHP Jorge Raute
Batting: RHB Wayne Graham 0-0: Ground out 5-3 (Groundball, 56S, EV 94.4 MPH)
Batting: RHB Cristo González 0-0: Ball
1-0: Reached on error, E6 (Groundball, 6, EV 101.2 MPH)
Batting: RHB Jesse Hernández 0-0: Fly out, F6 (Flyball, 6MD, EV 87.5 MPH)
Batting: LHB Luis Luttazi 0-0: Foul Ball, location: 2F
0-1: Swinging Strike
0-2: Strikes out looking
Bottom of the 1st over - 0 runs, 0 hits, 1 error, 1 left on base; MSL D.C. 1 - MSL Buckhead 0
TOP OF THE 2ND
MSL D.C. Divided batting - Pitching for MSL Buckhead Bowties : RHP Ipe de Weever
Batting: RHB Benjamin Harley 0-0: Foul Ball, location: 2F
0-1: Ground out 2-3 (Groundball, 15S, EV 66.2 MPH)
Batting: SHB Vincent Berrios 0-0: Bunt missed!
0-1: Swinging Strike
0-2: Strikes out swinging
Batting: LHB Iikka Pirinen 0-0: Swinging Strike
0-1: Foul Ball, location: 2F
0-2: Strikes out swinging
Top of the 2nd over - 0 runs, 0 hits, 0 errors, 0 left on base; MSL D.C. 1 - MSL Buckhead 0
BOTTOM OF THE 2ND
MSL Buckhead Bowties batting - Pitching for MSL D.C. Divided : LHP Jorge Raute
Batting: RHB Larry Newman 0-0: Ball
1-0: Ball
2-0: Ground out 6-3 (Groundball, 6, EV 105.6 MPH)
Batting: SHB Edgardo Ferrer 0-0: Called Strike
0-1: Fly out, F9 (Flyball, 89M, EV 97.5 MPH)
Batting: RHB Charlie Burton 0-0: Called Strike
0-1: Called Strike
0-2: Ball
1-2: Ball
2-2: Foul Ball, location: 2F
2-2: Foul Ball, location: 2F
2-2: Foul Ball, location: 2F
2-2: Ball
3-2: SINGLE (Groundball, 56D, EV 103.1 MPH)
Batting: SHB Norberto Zúñiga 0-0: Ball
1-0: Foul Ball, location: 2F
1-1: Ball
2-1: Foul Ball, location: 2F
2-2: Strikes out swinging
Bottom of the 2nd over - 0 runs, 1 hit, 0 errors, 1 left on base; MSL D.C. 1 - MSL Buckhead 0
TOP OF THE 3RD
MSL D.C. Divided batting - Pitching for MSL Buckhead Bowties : RHP Ipe de Weever
Batting: SHB Hao Chua 0-0: Called Strike
0-1: Foul Ball, location: 2F
0-2: SINGLE (Flyball, 34D, EV 90.0 MPH)
Batting: SHB Tore Belli 0-0: Ball
1-0: Called Strike
1-1: Called Strike
1-2: Ball
2-2: Ball
3-2: Foul Ball, location: 2F
3-2: Foul Ball, location: 2F
3-2: Foul Ball, location: 2F
3-2: Base on Balls
Hao Chua to second
Batting: RHB José Zamora 0-0: Called Strike
0-1: Ball
1-1: Foul Ball, location: 2F
1-2: Fly out, F8 (Flyball, 8LM, EV 88.1 MPH)
Batting: LHB Calvin Shanahan 0-0: Called Strike
0-1: Ball
1-1: Ball
2-1: Ball
3-1: SINGLE (Line Drive, 4D, EV 93.8 MPH)
Hao Chua to third
Tore Belli to second
Batting: LHB Biff Poggi 0-0: Ball
1-0: Ball
Passed Ball!
Hao Chua scores
Tore Belli to third
Calvin Shanahan to second
2-0: Called Strike
2-1: Ground out 4-3 (Groundball, 4, EV 86.2 MPH)
Tore Belli scores
Calvin Shanahan to third
Batting: LHB Dan Meyer 0-0: Called Strike
0-1: Ball
1-1: Foul Ball, location: 2F
1-2: Strikes out swinging
Top of the 3rd over - 2 runs, 2 hits, 0 errors, 1 left on base; MSL D.C. 3 - MSL Buckhead 0
BOTTOM OF THE 3RD
MSL Buckhead Bowties batting - Pitching for MSL D.C. Divided : LHP Jorge Raute
Batting: RHB Bastian Booger 0-0: Ball
1-0: Ball
2-0: Foul Ball, location: 2F
2-1: Ball
3-1: SINGLE (Flyball, 3D, EV 89.4 MPH)
Batting: RHB Wayne Graham 0-0: Called Strike
0-1: SINGLE (Line Drive, 89S, EV 91.2 MPH)
Bastian Booger to second
Bastian Booger to third
Batting: RHB Cristo González 0-0: Called Strike
0-1: Ball
1-1: Foul Ball, location: 2F
1-2: Fielders Choice at 2nd, 6-4 (Groundball, 6, EV 91.9 MPH)
Bastian Booger scores
Batting: RHB Jesse Hernández 0-0: Called Strike
Cristo González steals 2nd base (no throw)
0-1: Ball
1-1: DOUBLE (Groundball, 5L, EV 106.2 MPH)
Cristo González scores
Batting: LHB Luis Luttazi 0-0: Ball
1-0: Ball
2-0: Called Strike
2-1: Ground out 5-3 (Groundball, 56, EV 89.4 MPH)
Batting: RHB Larry Newman 0-0: Ball
1-0: Called Strike
1-1: Ball
2-1: Swinging Strike
2-2: Ball
3-2: Base on Balls
Batting: SHB Edgardo Ferrer 0-0: Called Strike
0-1: Called Strike
0-2: Ball
1-2: Ball
2-2: 3-RUN HOME RUN (Flyball, 7D, EV 93.8 MPH), Distance : 355 ft
Batting: RHB Charlie Burton 0-0: Called Strike
0-1: Foul Ball, location: 2F
0-2: Ground out 6-3 (Groundball, 6, EV 83.1 MPH)
Bottom of the 3rd over - 5 runs, 4 hits, 0 errors, 0 left on base; MSL D.C. 3 - MSL Buckhead 5
TOP OF THE 4TH
MSL D.C. Divided batting - Pitching for MSL Buckhead Bowties : RHP Ipe de Weever
Batting: RHB Benjamin Harley 0-0: Called Strike
0-1: Called Strike
0-2: Ball
1-2: Strikes out swinging
Batting: SHB Vincent Berrios 0-0: Ball
1-0: Ball
2-0: Ball
3-0: Base on Balls
Batting: LHB Iikka Pirinen 0-0: Called Strike
0-1: Ball
1-1: Called Strike
1-2: Foul Ball, location: 2F
1-2: Foul Ball, location: 2F
1-2: Foul Ball, location: 2F
1-2: Ball
2-2: Foul Ball, location: 2F
2-2: Ball
3-2: DOUBLE (Line Drive, 7LM, EV 108.1 MPH)
Vincent Berrios to third
Batting: SHB Hao Chua 0-0: Called Strike
0-1: Ball
1-1: Ground out 4-3 (Groundball, 4S, EV 83.1 MPH)
Vincent Berrios scores
Iikka Pirinen to third
Batting: SHB Tore Belli 0-0: Ball
1-0: Fly out, F8 (Flyball, 8RD, EV 73.8 MPH)
Top of the 4th over - 1 run, 1 hit, 0 errors, 1 left on base; MSL D.C. 4 - MSL Buckhead 5
BOTTOM OF THE 4TH
MSL Buckhead Bowties batting - Pitching for MSL D.C. Divided : LHP Jorge Raute
Batting: SHB Norberto Zúñiga 0-0: SINGLE (Groundball, P, EV 90.0 MPH) (infield hit)
Batting: RHB Bastian Booger 0-0: Ball
1-0: Fly out, F7 (Flyball, 7S, EV 71.2 MPH)
Batting: RHB Wayne Graham 0-0: Swinging Strike
Norberto Zúñiga is caught stealing 2nd base 2-4
0-1: Ball
1-1: Ball
2-1: Foul Ball, location: 2F
2-2: Fly out, F4 (Popup, 34S, EV 76.9 MPH)
Bottom of the 4th over - 0 runs, 1 hit, 0 errors, 0 left on base; MSL D.C. 4 - MSL Buckhead 5
TOP OF THE 5TH
MSL D.C. Divided batting - Pitching for MSL Buckhead Bowties : RHP Ipe de Weever
Batting: RHB José Zamora 0-0: Ball
1-0: Ground out 6-3 (Groundball, 6, EV 98.1 MPH)
Batting: LHB Calvin Shanahan 0-0: Foul Ball, location: 2F
0-1: Foul Ball, location: 2F
0-2: Foul Ball, location: 2F
0-2: Ball
1-2: Ball
2-2: TRIPLE (Flyball, 78XD, EV 90.6 MPH)
Batting: LHB Biff Poggi 0-0: Swinging Strike
0-1: Foul Ball, location: 2F
0-2: Strikes out looking
Batting: LHB Dan Meyer 0-0: Ball
1-0: Foul Ball, location: 2F
1-1: Ball
2-1: Ball
3-1: Called Strike
3-2: Foul Ball, location: 2F
3-2: Foul Ball, location: 2F
3-2: Foul Ball, location: 2F
3-2: Strikes out swinging
Top of the 5th over - 0 runs, 1 hit, 0 errors, 1 left on base; MSL D.C. 4 - MSL Buckhead 5
BOTTOM OF THE 5TH
MSL Buckhead Bowties batting - Pitching for MSL D.C. Divided : LHP Jorge Raute
Batting: RHB Cristo González 0-0: Ball
1-0: Ball
2-0: Called Strike
2-1: Ball
3-1: Base on Balls
Batting: RHB Jesse Hernández 0-0: Ball
1-0: Ball
2-0: Fielders Choice at 2nd, 5-4 (Groundball, 5, EV 80.6 MPH)
Batting: LHB Luis Luttazi 0-0: Foul Ball, location: 2F
0-1: Ball
1-1: Ball
2-1: Ball
3-1: Foul Ball, location: 2F
3-2: Base on Balls
Jesse Hernández to second
Batting: RHB Larry Newman 0-0: Foul Ball, location: 2F
0-1: Ball
1-1: Ball
2-1: Swinging Strike
2-2: Fly out, F7 (Line Drive, 7D, EV 109.4 MPH)
Batting: SHB Edgardo Ferrer 0-0: Swinging Strike
0-1: Foul Ball, location: 2F
0-2: Ball
1-2: Foul Ball, location: 2F
1-2: Ball
2-2: Foul Ball, location: 2F
2-2: Foul Ball, location: 2F
2-2: Ball
3-2: DOUBLE (Flyball, 89XD, EV 94.4 MPH)
Jesse Hernández scores
Luis Luttazi to third
Luis Luttazi scores
Pitching: RHP José Cabrera
Batting: RHB Charlie Burton 0-0: Ball
1-0: Ball
2-0: Called Strike
2-1: Ground out 4-3 (Groundball, 4, EV 80.6 MPH)
Bottom of the 5th over - 2 runs, 1 hit, 0 errors, 1 left on base; MSL D.C. 4 - MSL Buckhead 7
TOP OF THE 6TH
MSL D.C. Divided batting - Pitching for MSL Buckhead Bowties : RHP Ipe de Weever
Now at 1B: Leonardo Muraro
Now at 3B: Norberto Zúñiga
Batting: RHB Benjamin Harley 0-0: Called Strike
0-1: Fly out, F7 (Flyball, 7D, EV 96.2 MPH)
Batting: SHB Vincent Berrios 0-0: Fly out, F7 (Flyball, 78S, EV 93.8 MPH)
Batting: LHB Iikka Pirinen 0-0: Ball
1-0: Ball
2-0: Foul Ball, location: 2F
2-1: Fly out, F7 (Flyball, 7S, EV 83.1 MPH)
Top of the 6th over - 0 runs, 0 hits, 0 errors, 0 left on base; MSL D.C. 4 - MSL Buckhead 7
BOTTOM OF THE 6TH
MSL Buckhead Bowties batting - Pitching for MSL D.C. Divided : RHP José Cabrera
Batting: SHB Norberto Zúñiga 0-0: Ball
1-0: Fly out, F8 (Line Drive, 8LD, EV 108.8 MPH)
Batting: RHB Bastian Booger 0-0: Ball
1-0: Ball
2-0: Foul Ball, location: 2F
2-1: Foul Ball, location: 2F
2-2: Foul Ball, location: 2F
2-2: Strikes out swinging
Batting: RHB Wayne Graham 0-0: Ball
1-0: Called Strike
1-1: Foul Ball, location: 2F
1-2: Ball
2-2: Ball
3-2: Ground out U3 (Groundball, 34, EV 106.9 MPH)
Bottom of the 6th over - 0 runs, 0 hits, 0 errors, 0 left on base; MSL D.C. 4 - MSL Buckhead 7
TOP OF THE 7TH
MSL D.C. Divided batting - Pitching for MSL Buckhead Bowties : RHP Ipe de Weever
Batting: SHB Hao Chua 0-0: Ball
1-0: Foul Ball, location: 2F
1-1: Foul Ball, location: 2F
1-2: Ball
2-2: Fly out, F4 (Popup, 13S, EV 87.5 MPH)
Batting: SHB Tore Belli 0-0: Foul Ball, location: 2F
0-1: Ground out 6-3 (Groundball, 6, EV 86.2 MPH)
Batting: RHB José Zamora 0-0: Called Strike
0-1: SINGLE (Groundball, 56D, EV 100.0 MPH)
Pitching: LHP Calvin Hendriks
Batting: LHB Calvin Shanahan 0-0: Called Strike
0-1: Ball
Wild Pitch!
José Zamora to second
1-1: Called Strike
1-2: Strikes out looking
Top of the 7th over - 0 runs, 1 hit, 0 errors, 1 left on base; MSL D.C. 4 - MSL Buckhead 7
BOTTOM OF THE 7TH
MSL Buckhead Bowties batting - Pitching for MSL D.C. Divided : RHP José Cabrera
Batting: SHB Leonardo Muraro 0-0: Called Strike
0-1: Ball
1-1: Fly out, F8 (Line Drive, 8LM, EV 93.1 MPH)
Batting: RHB Jesse Hernández 0-0: Called Strike
0-1: Ball
1-1: Swinging Strike
1-2: Foul Ball, location: 2F
1-2: Ball
2-2: Ball
3-2: Ground out 6-3 (Groundball, 6, EV 86.9 MPH)
Batting: LHB Luis Luttazi 0-0: Ball
1-0: Foul Ball, location: 2F
1-1: Foul Ball, location: 2F
1-2: Ground out U3 (Groundball, 34S, EV 85.6 MPH)
Bottom of the 7th over - 0 runs, 0 hits, 0 errors, 0 left on base; MSL D.C. 4 - MSL Buckhead 7
TOP OF THE 8TH
MSL D.C. Divided batting - Pitching for MSL Buckhead Bowties : LHP Calvin Hendriks
Batting: LHB Biff Poggi 0-0: Called Strike
0-1: Ball
1-1: Foul Ball, location: 2F
1-2: Ground out 6-3 (Groundball, 6, EV 104.4 MPH)
Batting: LHB Dan Meyer 0-0: Ball
1-0: Ball
2-0: Called Strike
2-1: Ball
3-1: Called Strike
3-2: Foul Ball, location: 2F
3-2: SINGLE (Line Drive, 6D, EV 108.1 MPH)
Batting: RHB Benjamin Harley 0-0: Called Strike
0-1: Ball
1-1: Foul Ball, location: 2F
1-2: Strikes out swinging
Batting: SHB Vincent Berrios 0-0: Ball
1-0: Ball
2-0: Called Strike
2-1: Ball
3-1: Base on Balls
Dan Meyer to second
Batting: LHB Iikka Pirinen 0-0: Called Strike
0-1: Ball
1-1: Called Strike
1-2: Ball
2-2: Ball
3-2: Fly out, F7 (Flyball, 7D, EV 95.6 MPH)
Top of the 8th over - 0 runs, 1 hit, 0 errors, 2 left on base; MSL D.C. 4 - MSL Buckhead 7
BOTTOM OF THE 8TH
MSL Buckhead Bowties batting - Pitching for MSL D.C. Divided : RHP José Cabrera
Batting: RHB Larry Newman 0-0: Swinging Strike
0-1: Called Strike
0-2: Ball
1-2: Ball
2-2: Strikes out looking
Batting: SHB Edgardo Ferrer 0-0: Called Strike
0-1: Foul Ball, location: 2F
0-2: Strikes out swinging
Batting: RHB Charlie Burton 0-0: Ball
1-0: Ball
2-0: Ball
3-0: Base on Balls
Batting: SHB Norberto Zúñiga 0-0: Ground out 4-3 (Groundball, 4, EV 100.0 MPH)
Bottom of the 8th over - 0 runs, 0 hits, 0 errors, 1 left on base; MSL D.C. 4 - MSL Buckhead 7
TOP OF THE 9TH
MSL D.C. Divided batting - Pitching for MSL Buckhead Bowties : LHP Calvin Hendriks
Batting: SHB Hao Chua 0-0: Swinging Strike
0-1: Ball
1-1: Ball
2-1: Called Strike
2-2: Strikes out swinging
Batting: SHB Tore Belli 0-0: Swinging Strike
0-1: Ball
1-1: Ball
2-1: Swinging Strike
2-2: Foul Ball, location: 2F
2-2: Strikes out swinging
Batting: RHB José Zamora 0-0: SINGLE (Line Drive, 9S, EV 98.8 MPH)
Batting: LHB Calvin Shanahan 0-0: Called Strike
0-1: Called Strike
0-2: Ball
1-2: Ball
2-2: Strikes out swinging
Top of the 9th over - 0 runs, 1 hit, 0 errors, 1 left on base; MSL D.C. 4 - MSL Buckhead 7
Monday, April 1st , 2024 - OOTP Baseball 23.10 Build 110